 Dungeon Crawl Stone Soup version 0.19-a0-593-gf2cdb02 (webtiles) character file.

2220 esc the Carver (level 9, -10/72 HPs)
             Began as a Minotaur Gladiator on June 10, 2016.
             Was a Believer of Hepliaklqana.
             Mangled by Joseph
             ... wielding a +2 quarterstaff of draining
              (17 damage)
             ... on level 7 of the Dungeon.
             The game lasted 00:18:06 (5225 turns).

esc the Carver (Minotaur Gladiator)                 Turns: 5225, Time: 00:18:06

Health: -10/72     AC: 11    Str: 19    XL:     9   Next: 13%
Magic:  8/8        EV: 17    Int:  7    God:    Hepliaklqana [**....]
Gold:   150        SH:  0    Dex: 18    Spells: 0 memorised, 8 levels left

rFire  + . .     SeeInvis .     a - +1 long sword
rCold  . . .     Gourm    .     o - +2 leather armour {rF+}
rNeg   . . .     Faith    +     (no shield)
rPois  .         Spirit   .     c - +0 hat
rElec  .         Dismiss  .     p - +1 cloak
rCorr  .         Reflect  .     (no gloves)
SustAt .         Harm     .     x - +2 pair of boots
MR     +....                    y - amulet of faith {Faith, !P}
Stlth  +.........               B - +3 ring of dexterity
                                q - ring of protection from magic {MR+, !d}

@: drained, somewhat resistant to hostile enchantments, very unstealthy
A: retaliatory headbutt, horns 2, clever 1, deterioration 1, frail 1, mutation
resistance 1, screaming 1, subdued magic 1
a: Recall Ancestor, Ancestor Identity, Renounce Religion


You were on level 7 of the Dungeon.
You worshipped Hepliaklqana.
Hepliaklqana was pleased with you.
You were not hungry.

You visited 2 branches of the dungeon, and saw 8 of its levels.

You collected 329 gold pieces.
You spent 179 gold pieces at shops.

Inventory:

Hand Weapons
 a - a +1 long sword (weapon)
Missiles
 d - 3 throwing nets {=f, !d}
 g - 296 stones (quivered)
Armour
 c - a +0 hat (worn)
 i - a +0 ring mail
   (You found it on level 1 of the Dungeon)
 k - a +0 plate armour
   (You found it on level 1 of the Dungeon)
 o - a +2 leather armour of fire resistance (worn)
   (You found it on level 1 of the Dungeon)
 p - a +1 cloak (worn)
   (You found it on level 1 of the Dungeon)
 x - a +2 pair of boots (worn)
   (You bought it in a shop on level 6 of the Dungeon)
Jewellery
 n - an uncursed ring of positive energy {rN+}
   (You found it on level 5 of the Dungeon)
 q - a ring of protection from magic (left hand) {MR+, !d}
   (You found it on level 2 of the Dungeon)
 y - an amulet of faith (around neck) {Faith, !P}
   (You found it on level 4 of the Dungeon)
 B - a +3 ring of dexterity (right hand)
   (You found it on level 4 of the Dungeon)
Wands
 r - a wand of polymorph (14/24)
   (You found it on level 4 of the Dungeon)
Scrolls
 e - a scroll of blinking {!r}
 s - a scroll of fear
 t - a scroll of identify
 u - a scroll of magic mapping {!r}
 v - 2 scrolls of recharging
 w - a scroll of remove curse
 C - 3 scrolls of enchant armour
 D - a scroll of amnesia
Potions
 l - 4 potions of cancellation
 z - 3 potions of magic
 A - a potion of agility
 E - a potion of brilliance
 F - a potion of might
Books
 h - an Akashic Record
   (You found it on level 2 of the Dungeon)
Comestibles
 b - 4 meat rations {@e2}
 f - 3 bread rations {@e1}
 j - 9 chunks of flesh {@w0}
 m - 3 beef jerkies


   Skills:
 + Level 7.8(7.5) Fighting
 + Level 8.1(7.8) Long Blades
 - Level 2.0(1.7) Throwing
 + Level 7.1(6.8) Armour
 + Level 7.3(7.0) Dodging


You had 8 spell levels left.
You didn't know any spells.

Dungeon Overview and Level Annotations

Branches:
Dungeon (7/15)             Temple (1/1) D:5

Altars:
Cheibriados
Elyvilon
Hepliaklqana
Makhleb
Nemelex Xobeh
Okawaru
Xom
Zin

Shops:
D:6 *

Annotations:
D:7 Joseph


Innate Abilities, Weirdness & Mutations

You reflexively headbutt those who attack you in melee.
You have a pair of horns on your head.
Your mind is acute. (Int +2)
Your body sometimes deteriorates upon taking damage.
You are frail. (-10% HP)
You are somewhat resistant to further mutation.
You occasionally shout uncontrollably at your foes.
Your spells are a little easier to cast, but a little less powerful.


Message History

The orc barely misses you. You furiously retaliate!
You headbutt the orc.
The orc barely misses Mettia.
The giant frog hits you.
Joseph shoots a sling bullet.
The sling bullet misses you.
The sling bullet hits Mettia!!
Mettia is destroyed!
You take 4 damage, and have 61/72 hp.
The giant frog misses you. You furiously retaliate!
You headbutt the giant frog! The orc misses you.
Joseph sighs, "Being a guard is usually so boring..."
Joseph shoots a sling bullet.
The sling bullet hits you!! The giant frog completely misses you.
A giant frog skeleton comes into view.
Things that are here:
a sling bullet; an orc corpse You take 17 damage, and have 44/72 hp.
MASSIVE DAMAGE!!
The giant frog hits you.
Joseph shoots a sling bullet.
The sling bullet barely misses you.
You take 4 damage, and have 40/72 hp.
Joseph unwields an uncursed hunting sling of evasion.
Joseph wields an uncursed quarterstaff of draining.
You sense an unholy aura.
Joseph hits you with an uncursed quarterstaff of draining.
You feel drained. The giant frog barely misses you.
You take 1 damage, and have 39/72 hp.
Joseph hits you with an uncursed quarterstaff of draining!
You feel drained.
You take 15 damage, and have 24/72 hp.
MASSIVE DAMAGE!!
Okay, then.
The giant frog closely misses you.
As you read the scroll of fear, it crumbles to dust.
You assume a fearsome visage.
Joseph looks frightened!
The giant frog looks frightened!
The orc looks frightened!
Joseph screams, "Help!"
Okay, then.
Your base Long Blades skill increases to level 8!
Your base Armour skill increases to level 7!
You feel a bit more experienced.
Joseph gives up.
MP restored: 8 Your ancestor is still trapped in memory!
Okay, then.
You start resting.
You regained 3 hp, and now have 30/72 hp.
You hit the giant frog skeleton.
The giant frog skeleton barely misses you.
You furiously retaliate!
You headbutt the giant frog skeleton!
You barely miss the giant frog skeleton.
You headbutt the giant frog skeleton, but do no damage.
The giant frog skeleton hits you but does no damage.
The giant frog skeleton barely misses you.
You hit the giant frog skeleton. You headbutt the giant frog skeleton.
The giant frog skeleton barely misses you.
You barely miss the giant frog skeleton.
Mettia emerges from the mists of memory!
The giant frog skeleton hits you but does no damage.
The giant frog skeleton hits you.
You take 3 damage, and have 28/72 hp.
You slash the giant frog skeleton!
The giant frog skeleton closely misses you.
Some of the chunks of flesh in your inventory have rotted away.
You hit the giant frog skeleton.
You destroy the giant frog skeleton!
The giant frog barely misses you.
Mettia misses the giant frog.
You hit the giant frog. You headbutt the giant frog. The giant frog hits you.
Mettia barely misses the giant frog.
The giant frog hits you but does no damage.
You take 2 damage, and have 26/72 hp.
You slash the giant frog!
You headbutt the giant frog, but do no damage.
The giant frog barely misses you. You furiously retaliate!
You headbutt the giant frog!
You kill the giant frog!
Mettia casts a spell at the orc.
The orc seems to slow down.
You barely miss the orc.
Mettia hits the orc with a dagger of draining.
Mettia drains the orc!
You barely miss the orc. The orc completely misses you.
The orc hits Mettia but does no damage.
Mettia barely misses the orc.
Your leather armour prevents you from hitting the orc.
You headbutt the orc.
You kill the orc!
Joseph unwields an uncursed quarterstaff of draining.
Joseph wields an uncursed hunting sling of evasion.
Joseph shoots a sling bullet.
The sling bullet hits you!
* * * LOW HITPOINT WARNING * * *
You take 9 damage, and have 17/72 hp.
Unknown command.
Joseph shoots a sling bullet.
The sling bullet hits you!
* * * LOW HITPOINT WARNING * * *
You take 10 damage, and have 7/72 hp.
Joseph unwields an uncursed hunting sling of evasion.
Joseph wields an uncursed quarterstaff of draining.
You sense an unholy aura.
Joseph hits you with an uncursed quarterstaff of draining!
You die...

####
#######...
#R@@.#..#
#(##.#?#
#.##...#
#......#
###.##.#
#......#
...#.#....#
..#.#....##
.
..........#


You could see Joseph and the friendly Mettia the hexer.

Vanquished Creatures
  A hippogriff (D:5)
  Duvessa (D:4)
  An ice beast (D:7)
  A phantom (D:5)
  A sky beast (D:5)
  3 ogres
  2 giant frogs
  Dowan (D:4)
  3 wights (D:7)
  A howler monkey (D:4)
  2 crimson imps
  A wasp zombie (D:7)
  7 hounds
  4 orc priests
  4 orc wizards
  A giant frog skeleton (D:7)
  2 worker ants (D:4)
  6 gnolls
  8 adders
  A shadow imp (D:6)
  An adder zombie (D:5)
  4 worms
  4 dart slugs
  3 giant geckos
  13 orcs
  6 giant cockroaches
  6 goblins
  A hobgoblin (D:1)
  2 jackals (D:7)
  2 kobolds
  2 quokkas
  7 bats
  A giant gecko skeleton (D:5)
  4 giant newts
  A jackal zombie (D:5)
  9 rats
117 creatures vanquished.

Vanquished Creatures (collateral kills)
  A centaur (D:5)
  A scorpion (D:6)
  A howler monkey (D:5)
  A giant frog zombie (D:7)
  A hound (D:6)
  An iguana (D:7)
  An orc wizard (D:5)
  An adder (D:4)
  A gnoll (D:6)
  An orc (D:4)
  A giant cockroach (D:4)
  A jackal (D:7)
12 creatures vanquished.

Vanquished Creatures (others)
  A hexer (D:7)
  2 ancestors
3 creatures vanquished.

Grand Total: 132 creatures vanquished

Notes
Turn   | Place    | Note
--------------------------------------------------------------
     0 | D:1      | esc the Minotaur Gladiator began the quest for the Orb.
     0 | D:1      | Reached XP level 1. HP: 18/18 MP: 0/0
    10 | D:1      | Noticed a giant frog
   356 | D:1      | Reached skill level 1 in Armour
   356 | D:1      | Reached XP level 2. HP: 25/25 MP: 1/1
   677 | D:1      | Reached XP level 3. HP: 29/30 MP: 2/2
   755 | D:1      | Reached skill level 3 in Fighting
  1254 | D:2      | Reached skill level 4 in Long Blades
  1432 | D:2      | Reached skill level 2 in Armour
  1818 | D:3      | Reached XP level 4. HP: 38/38 MP: 3/3
  1980 | D:3      | Found a hazy altar of Hepliaklqana.
  1986 | D:3      | Reached skill level 4 in Dodging
  2012 | D:3      | Became a worshipper of Hepliaklqana
  2302 | D:4      | Reached XP level 5. HP: 39/46 MP: 4/4
  2421 | D:4      | Reached skill level 3 in Armour
  2430 | D:4      | Reached skill level 4 in Fighting
  2679 | D:4      | Reached skill level 5 in Long Blades
  2683 | D:4      | Reached XP level 6. HP: 53/53 MP: 5/5
  2723 | D:4      | Noticed Duvessa
  2725 | D:4      | Noticed Dowan
  2729 | D:4      | Killed Duvessa
  2729 | D:4      | Reached skill level 5 in Dodging
  2734 | D:4      | Killed Dowan
  2734 | D:4      | Reached skill level 4 in Armour
  2842 | D:4      | Gained mutation: You are weak. (Str -2) [potion of mutation]
  2842 | D:4      | Gained mutation: Your body sometimes deteriorates upon taking damage. [potion of mutation]
  2843 | D:4      | Gained mutation: You occasionally shout uncontrollably at your foes. [potion of mutation]
  2843 | D:4      | Gained mutation: Your spells are a little easier to cast, but a little less powerful. [potion of mutation]
  2996 | D:4      | Reached XP level 7. HP: 60/60 MP: 6/6
  3035 | D:4      | Reached skill level 5 in Fighting
  3177 | D:5      | Entered Level 5 of the Dungeon
  3194 | D:5      | Noticed a hippogriff
  3204 | D:5      | Killed a hippogriff
  3301 | D:5      | Reached skill level 6 in Long Blades
  3316 | D:5      | HP: 15/61 [something (1)]
  3318 | D:5      | Reached skill level 5 in Armour
  3320 | D:5      | Reached skill level 6 in Dodging
  3355 | D:5      | Gained mutation: You are frail. (-10% HP) [mutagenic meat]
  3356 | D:5      | Gained mutation: Your mind is acute. (Int +2) [mutagenic meat]
  3357 | D:5      | Gained mutation: You are somewhat resistant to further mutation. [mutagenic meat]
  3358 | D:5      | Lost mutation: You are weak. (Str -2) [mutagenic meat]
  3368 | D:5      | Found a burning altar of Makhleb.
  3433 | D:5      | Reached skill level 6 in Fighting
  3433 | D:5      | Reached XP level 8. HP: 25/63 MP: 7/7
  3780 | D:5      | Reached * piety under Hepliaklqana
  3982 | D:5      | Found a white marble altar of Elyvilon.
  3997 | D:5      | Reached skill level 7 in Long Blades
  3997 | D:5      | Reached skill level 6 in Armour
  4233 | D:5      | Found a staircase to the Ecumenical Temple.
  4239 | Temple   | Entered the Ecumenical Temple
  4335 | D:6      | Found Vuups's Assorted Antiques.
  4351 | D:6      | Bought a pair of runed boots for 126 gold pieces
  4351 | D:6      | Bought a fizzy sapphire potion for 25 gold pieces
  4351 | D:6      | Bought a scroll labeled BUGHAS AXADENK for 28 gold pieces
  4418 | D:6      | Reached ** piety under Hepliaklqana
  4419 | D:6      | Remembered your ancestor Mettia as a hexer
  4520 | D:6      | Reached skill level 7 in Fighting
  4693 | D:6      | Found a shimmering altar of Xom.
  5003 | D:7      | Reached skill level 7 in Dodging
  5014 | D:7      | Reached XP level 9. HP: 41/71 MP: 8/8
  5173 | D:7      | Noticed Joseph
  5184 | D:7      | Reached skill level 8 in Long Blades
  5184 | D:7      | Reached skill level 7 in Armour
  5222 | D:7      | HP: 17/72 [Joseph/sling bullet (10)]
  5224 | D:7      | HP: 7/72 [Joseph/sling bullet (10)]
  5225 | D:7      | Mangled by Joseph

Vault maps used:
D:1:      evilmike_arrival_come_back, serial_park_tiny_pond, solitary_fountain
D:3:      old_standard_altar
D:4:      first_bread, uniq_duvessa
D:5:      lemuel_round_altar, old_standard_altar, minmay_temple_entry_fiery
D:6:      kennysheep_mini_moat, serial_shops, nicolae_shop_overgrown_old_shop
D:7:      kiku_gazebo_pond_becter, nicolae_overflow_hidden_temple,
          gammafunk_temple_overflow_elements, johnstein_pakellas_shop,
          uniq_menkaure, uniq_joseph
Temple:   circular_temple_12

Skill      XL: |  1  2  3  4  5  6  7  8  9 |
---------------+----------------------------+-----
Armour         | 1 2 3 4 5 6 7 |  7.1
Fighting       | 3 4 6 7 |  7.8
Long Blades    | 4 5 6 7 8 |  8.1
Dodging        | 4 5 6 7 |  7.3
Throwing       | |  2.0

Action                   |  1- 3 |  4- 6 |  7- 9 || total
-------------------------+-------+-------+-------++-------
Melee: Long sword        |    78 |    77 |   143 ||   298
       Headbutt          |     9 |    17 |    42 ||    68
       Falchion          |       |     7 |       ||     7
Invok: Ancestor Life: He |       |       |     1 ||     1
       Recall Ancestor   |       |       |     1 ||     1
  Use: Scroll            |     8 |     5 |     8 ||    21
       Potion            |       |     3 |     1 ||     4
 Stab: Sleeping          |     1 |     1 |       ||     2
       Confused          |       |       |     1 ||     1
  Eat: Chunk             |     3 |     4 |    10 ||    17
       Royal jelly       |       |       |     1 ||     1
Armor: Ring mail         |     2 |       |       ||     2
       Leather armour    |    28 |    21 |    51 ||   100
Dodge: Dodged            |    61 |    53 |   174 ||   288

Vault maps used:
D:1:      evilmike_arrival_come_back, serial_park_tiny_pond, solitary_fountain
D:3:      old_standard_altar
D:4:      first_bread, uniq_duvessa
D:5:      lemuel_round_altar, old_standard_altar, minmay_temple_entry_fiery
D:6:      kennysheep_mini_moat, serial_shops, nicolae_shop_overgrown_old_shop
D:7:      kiku_gazebo_pond_becter, nicolae_overflow_hidden_temple,
          gammafunk_temple_overflow_elements, johnstein_pakellas_shop,
          uniq_menkaure, uniq_joseph
Temple:   circular_temple_12

Table legend:
 A = Turns spent in this place as a percentage of turns spent in the entire game.
 B = Non-inter-level travel turns spent in this place as a percentage of non-inter-level travel turns spent in the entire game.
 C = Inter-level travel turns spent in this place as a percentage of turns spent in this place.
 D = Turns resting spent in this place as a percentage of non-inter-level travel turns spent in this place.
 E = Turns spent auto-exploring this place as a percentage of non-inter-level travel turns spent in this place.
 F = Non-inter-level travel turns spent in this place divided by the number of levels of this place that you've seen.
                   A       B       C       D       E      F
               +-------+-------+-------+-------+-------+----------------------
         Total | 100.0 | 100.0 |   0.6 |   1.1 |  11.8 | 159.9
       Dungeon |  99.8 |  99.8 |   0.6 |   1.1 |  11.8 | 182.4
        Temple |   0.2 |   0.2 |   0.0 |   0.0 |   0.0 |   2.0
               +-------+-------+-------+-------+-------+----------------------

Table legend:
 A = Kills in this place as a percentage of kills in entire the game.
 B = Kills by you in this place as a percentage of kills by you in the entire game.
 C = Kills by friends in this place as a percentage of kills by friends in the entire game.
 D = Other kills in this place as a percentage of other kills in the entire game.
 E = Experience gained in this place as a percentage of experience gained in the entire game.
 F = Experience gained in this place divided by the number of levels of this place that you have seen.
                   A       B       C       D       E      F
               +-------+-------+-------+-------+-------+----------------------
         Total | 100.0 | 100.0 | 100.0 | 100.0 | 100.0 | 396.5
       Dungeon | 100.0 | 100.0 | 100.0 | 100.0 | 100.0 | 453.1
               +-------+-------+-------+-------+-------+----------------------
